 Dungeon Crawl Stone Soup version 0.27-a0-287-gd4424db430 (webtiles) character file.

Game seed: 14628977837621399388

40 runemasterragnar the Firebug (level 3, 0/26 HPs)
             Began as a Draconian Fire Elementalist on Feb 9, 2021.
             Succumbed to an orc's poison
             ... on level 2 of the Dungeon.
             The game lasted 00:02:04 (2262 turns).

runemasterragnar the Firebug (DrFE)                 Turns: 2262, Time: 00:02:05

Health: 0/26       AC:  5    Str: 10    XL:     3   Next: 30%
Magic:  5/6        EV: 12    Int: 16    God:
Gold:   117        SH:  0    Dex: 11    Spells: 5/6 levels left

rFire    . . .     SeeInvis .   (no weapon)
rCold    . . .     Faith    .   (no shield)
rNeg     . . .     Spirit   .   (armour unavailable)
rPois    .         Reflect  .   (helmet restricted)
rElec    .         Harm     .   (no cloak)
rCorr    .         Rampage  .   (no gloves)
Will     .....                  (no boots)
Stlth    +.........             (no amulet)
HPRegen  0.08/turn              (no ring)
MPRegen  0.10/turn              (no ring)

@: confused, brilliant, lethally poisoned (0 -> -10)
A: unfitting armour, cold-blooded, AC +5
a: no special abilities


You were on level 2 of the Dungeon.
You visited 1 branch of the dungeon, and saw 2 of its levels.

You collected 117 gold pieces.

Inventory:

Scrolls
 a - a scroll of amnesia {unknown}
 b - 5 scrolls of identify {unknown}
 d - a scroll of remove curse {unknown}
 h - a scroll of blinking {unknown}
 i - a scroll of noise {unknown}


   Skills:
 + Level 2.0 Dodging
 + Level 2.1 Stealth
 + Level 2.2 Spellcasting
 * Level 1.9 Conjurations
 * Level 3.4 Fire Magic


You had 5 spell levels left.
You knew the following spells:

 Your Spells              Type           Power        Failure   Level
a - Foxfire               Conj/Fire      60%          7%          1

Your spell library contained the following spells:

 Spells                   Type           Power        Failure   Level
 Conjure Flame            Conj/Fire      15%          21%         3
 Inner Flame              Hex/Fire       11%          30%         3
 Sticky Flame             Conj/Fire      15%          54%         4
 Fireball                 Conj/Fire      7%           88%         5


Dungeon Overview and Level Annotations

Branches:
Dungeon (2/15)

Altars:


Innate Abilities, Weirdness & Mutations

Your plain brown scales are hard. (AC +5)
You cannot fit into any form of body armour.
You are cold-blooded and may be slowed by cold attacks.


Message History

You're too confused to cast spells.
Sorry, you're not good enough to have a special ability.
You feel sick.
You hear some strange, mumbled words.
A magic dart appears from out of thin air!
The magic dart hits you.
* * * LOW HITPOINT WARNING * * *
Unknown command.
You're too confused to cast spells.
Sorry, you're not good enough to have a special ability.
You bump into the rock wall.
* * * LOW HITPOINT WARNING * * *
You feel sick.
The quokka bites you but does no damage.
Something hits you.
* * * LOW HITPOINT WARNING * * *
Unknown command.
Unknown command.
You bump into the rock wall.
You die...

#####################
#....... #....# #.......
#..(.# ###.#### #....# ###.#
#....# #...# ### #....#
###.### ..# #....####.[.# #.#
#r).......### #######.#
#@{..##.......#
........#######.÷..##.#####.#
#......##.÷..#(.#
######.####.....###.##
#......########## ##
#..........# #.....#.##.##
#######.##..# #.#####


You could see a quokka.

Vanquished Creatures
  An ooze (D:1)
  A worm (D:1)
  2 leopard geckos
  An orc (D:2)
  A ball python (D:2)
  5 bats
  4 goblins
  4 hobgoblins
  4 kobolds
  4 rats
27 creatures vanquished.

Vanquished Creatures (others)
  42 foxfires
42 creatures vanquished.

Grand Total: 69 creatures vanquished

Notes
Turn   | Place    | Note
-------+----------+-------------------------------------------
     0 | D:1      | runemasterragnar the Draconian Fire Elementalist began the
                  | quest for the Orb.
     0 | D:1      | Reached XP level 1. HP: 14/14 MP: 3/3
   639 | D:1      | Reached XP level 2. HP: 3/20 MP: 3/5
  1830 | D:2      | Reached XP level 3. HP: 26/26 MP: 4/6
  2261 | D:2      | HP: 1/26 [something (1)]
  2262 | D:2      | Succumbed to an orc's poison

Illustrated notes

Levels and vault maps discovered:
D:1:      dpeg_arrival_brainrot, layout_basic
D:2:      kennysheep_big_flooded_room, layout_rooms, general_overflow_altar

Skill      XL: |  1  2 |
---------------+-------+-----
Dodging        | 2 |  2.0
Stealth        | 2 |  2.1
Spellcasting   | |  2.2
Conjurations   | |  1.9
Fire Magic     | |  3.4

Action                   || total
-------------------------++-------
Melee: Unarmed           ||    95
       Tailslap          ||     9
 Cast: Foxfire           ||    34
  Use: Potion            ||     4
 Stab: Sleeping          ||     1
Armor: Skin              ||    28
Dodge: Dodged            ||    72

Table legend: (Time is in decaauts)
 A = Elapsed time spent in this place.
 B = Non-inter-level travel time spent in this place.
 C = Inter-level travel time spent in this place.
 D = Time resting spent in this place.
 E = Time spent auto-exploring this place.
 F = Levels seen in this place.
 G = Mean time per level.
                   A        B        C        D        E       F      G
               +--------+--------+--------+--------+--------+-----+--------+
         Total |   2261 |   2238 |     23 |    333 |   1602 |   2 | 1130.5 |
       Dungeon |   2261 |   2238 |     23 |    333 |   1602 |   2 | 1130.5 |
               +--------+--------+--------+--------+--------+-----+--------+

Top non-repeatable levels by time:
     D:1: 1807 daAuts
     D:2: 454 daAuts
